 Dungeon Crawl Stone Soup version 0.17.1-3-g152610e (webtiles) character file.

343 Heliophagus the Digger (level 6, 0/32 HPs)
             Began as a Gargoyle Earth Elementalist on Mar 28, 2016.
             Slain by a swamp dragon skeleton (1 damage)
             ... on level 1 of the Abyss on Mar 29, 2016.
             The game lasted 01:22:12 (3817 turns).

Heliophagus the Digger (GrEE)                       Turns: 3817, Time: 01:22:17

Health: 0/32       AC: 11    Str: 12    XL:     6   Next: 57%
Magic:  11/11      EV: 11    Int: 17    God:
Gold:   225        SH:  0    Dex: 10    Spells: 1 memorised, 10 levels left

rFire  . . .     SeeInvis .     p - +0 flail (crush)
rCold  . . .     Clarity  .     a - +0 ring mail
rNeg   + . .     SustAt   .     (no shield)
rPois  ∞         Gourm    .     (no helmet)
rElec  +         Spirit   .     (no cloak)
rCorr  .         Warding  .     (no gloves)
rMut   .         Stasis   .     g - +1 pair of boots
MR     .....                    (no amulet)
Stlth  ++........               (no ring)
                                f - ring of wizardry

@: not resistant to hostile enchantments, unstealthy
A: negative energy resistance 1, electricity resistance, unbreathing,
petrification resistance, rot immunity, AC +4
a: no special abilities


You were on level 1 of the Abyss.
You were not hungry.

You visited 1 branch of the dungeon, and saw 3 of its levels.
You visited the Abyss 1 time.

You collected 225 gold pieces.

Inventory:

Hand Weapons
 e - a +0 dagger
 k - a +0 whip
 p - a +0 flail of crushing (weapon)
 q - a +2 vampiric trident
Missiles
 b - 298 stones (quivered)
Armour
 a - a +0 ring mail (worn)
 g - a +1 pair of boots (worn)
Jewellery
 f - a ring of wizardry (left hand)
Scrolls
 l - a scroll of magic mapping
 o - a scroll of immolation
 r - 3 scrolls of enchant armour
Potions
 d - a potion of brilliance {unknown}
 j - 2 potions of curing
 m - a potion of flight
 n - a potion of magic {unknown}
Books
 c - a book of Geomancy

   Spells                             Type                      Level
   a - Sandblast                      Earth                        1
   b - Stoneskin                      Transmutation/Earth          2
   c - Passwall                       Transmutation/Earth          3
   d - Stone Arrow                    Conjuration/Earth            3
   e - Petrify                        Transmutation/Earth          4
   f - Lee's Rapid Deconstruction     Earth                        5
Comestibles
 h - 2 chunks of flesh


   Skills:
 + Level 3.2 Dodging
 + Level 4.4 Stealth
 + Level 3.4 Spellcasting
   Level 0.7 Transmutations
 - Level 5.0 Earth Magic


You had 10 spell levels left.
You knew the following spells:

 Your Spells              Type           Power        Failure   Level  Hunger
a - Sandblast             Erth           ###...       2%          1    None


Dungeon Overview and Level Annotations

Branches:
Dungeon (3/15)

Altars:
Dithmenos
Trog


Innate Abilities, Weirdness & Mutations

You are resistant to torment.
Your stone body is resilient (AC +4).
You are immune to poison.
You resist negative energy.
You are resistant to electric shocks.
You can survive without breathing.
You are immune to petrification.
You are immune to rotting.


Message History

You hit the swamp dragon skeleton.
The swamp dragon skeleton closely misses you.
The swamp dragon skeleton claws you but does no damage.
The swamp dragon skeleton barely misses you.
You sock the swamp dragon skeleton! The swamp dragon skeleton bites you.
* * * LOW HITPOINT WARNING * * *
The swamp dragon skeleton claws you but does no damage.
The swamp dragon skeleton barely misses you.
You hit the swamp dragon skeleton. The swamp dragon skeleton bites you.
* * * LOW HITPOINT WARNING * * *
The swamp dragon skeleton claws you but does no damage.
The swamp dragon skeleton tramples you but does no damage.
You thump the swamp dragon skeleton!
The swamp dragon skeleton barely misses you.
The swamp dragon skeleton claws you but does no damage.
The swamp dragon skeleton tramples you but does no damage.
The swamp dragon skeleton closely misses you.
The swamp dragon skeleton barely misses you.
The swamp dragon skeleton tramples you.
You die...

.#. ..## .3
.#... #
#####.5... #
...# ... ... ..
...## # #..#.5#.
.. . ... . . ...
. ..## # ###
.... # .. ... .
......
....#####.......
#@Z....###
######## #


You could see a swamp dragon skeleton.

Vanquished Creatures
  A giant frog (D:3)
  2 big kobolds (D:3)
  3 adders
  A gnoll (D:3)
  A worm (D:2)
  2 giant geckos
  An orc (D:3)
  2 ball pythons
  8 bats
  5 giant cockroaches
  9 hobgoblins
  A giant newt (D:1)
  6 goblins
  50 kobolds
  8 rats
100 creatures vanquished.

Notes
Turn   | Place    | Note
--------------------------------------------------------------
     0 | D:1      | Heliophagus the Gargoyle Earth Elementalist began the quest for the Orb.
     0 | D:1      | Reached XP level 1. HP: 10/10 MP: 3/3
     2 | D:1      | Noticed an electric eel
   458 | D:1      | Reached XP level 2. HP: 10/15 MP: 5/5
   802 | D:1      | Reached skill level 4 in Earth Magic
  1258 | D:2      | Found a shadowy altar of Dithmenos.
  1390 | D:2      | Reached XP level 3. HP: 13/19 MP: 0/6
  2172 | D:3      | Noticed a giant frog
  2181 | D:3      | Killed a giant frog
  2181 | D:3      | Reached XP level 4. HP: 16/24 MP: 1/8
  2181 | D:3      | Reached XP level 5. HP: 18/28 MP: 1/9
  2403 | D:3      | Found a bloodstained altar of Trog.
  2842 | D:3      | Noticed a big kobold
  2883 | D:3      | Killed a big kobold
  2883 | D:3      | Reached skill level 5 in Earth Magic
  2883 | D:3      | Reached XP level 6. HP: 22/32 MP: 0/10
  3213 | D:3      | Noticed a big kobold
  3296 | D:3      | Killed a big kobold
  3709 | D:3      | Cast into the Abyss (orc)
  3709 | Abyss:1  | Found a corrupted altar of Lugonu.
  3716 | Abyss:1  | Found a corrupted altar of Lugonu.
  3751 | Abyss:1  | Found a viscous altar of Jiyva.
  3779 | Abyss:1  | Noticed a ynoxinul
  3816 | Abyss:1  | HP: 1/32 [swamp dragon skeleton (1)]
  3817 | Abyss:1  | Slain by a swamp dragon skeleton

Action                   |  1- 3 |  4- 6 || total
-------------------------+-------+-------++-------
Melee: Dagger            |   123 |   146 ||   269
       Unarmed           |     8 |       ||     8
       Flail             |       |    20 ||    20
 Cast: Sandblast         |    61 |   108 ||   169
  Use: Scroll            |     8 |     4 ||    12
       Potion            |       |     2 ||     2
 Stab: Sleeping          |     3 |     1 ||     4
  Eat: Bread ration      |     1 |       ||     1
       Chunk             |     1 |     1 ||     2
       Meat ration       |       |     1 ||     1
